 Dungeon Crawl Stone Soup version 0.27-a0-1325-g58a489ad9e (webtiles) character file.

Game seed: 15264124598375227035

141644 Nattfarinn the Brawler (level 16, -12/176 HPs)
             Began as a Troll Berserker on June 24, 2021.
             Was an Elder of Trog.
             Mangled by a naga warrior (33 damage)
             ... on level 1 of the Snake Pit.
             The game lasted 01:12:00 (26217 turns).

Nattfarinn the Brawler (Troll Berserker)           Turns: 26217, Time: 01:12:01

Health: -12/176    AC: 18    Str: 40    XL:     16   Next: 78%
Magic:  15/15      EV:  9    Int:  3    God:    Trog [****..]
Gold:   3675       SH:  0    Dex:  9    Spells: 15/15 levels left

rFire    + . .     SeeInvis .     - Unarmed
rCold    + . .     Faith    .   (no shield)
rNeg     . . .     Spirit   .   V - +2 swamp dragon scales
rPois    +         Reflect  .   l - +1 hat
rElec    .         Harm     .   q - scarf {rC+ rF+}
rCorr    .         Rampage  .   (gloves unavailable)
Will     +....                  (boots unavailable)
Stlth    ..........             i - amulet of the acrobat
HPRegen  1.39/turn              u - +4 ring of protection
MPRegen  0.14/turn              U - +6 ring of strength

@: lethally poisoned (-12 -> -13), on berserk cooldown, slowed, constricted,
very slow
A: large, unfitting armour, claws 3, regeneration 1, shaggy fur 1, tough skin 1
a: Renounce Religion, Berserk, Trog's Hand, Brothers in Arms


You were on level 1 of the Snake Pit.
You worshipped Trog.
Trog was greatly pleased with you.
You visited 5 branches of the dungeon, and saw 25 of its levels.
You also visited: Gauntlet and Volcano.

You collected 4508 gold pieces.
You spent 833 gold pieces at shops.

Inventory:

Hand Weapons
 d - the +7 whip "Ototejop" {venom, Will+ Int+3}
   (You found it on level 15 of the Dungeon)

   It poisons the flesh of those it strikes.
   It affects your intelligence (+3).
   It increases your willpower.
Missiles
 m - 2 throwing nets
 y - 8 curare-tipped darts
 C - 7 atropa-tipped darts
 P - 25 large rocks (quivered)
 X - 4 boomerangs of dispersal
Armour
 l - a +1 hat (worn)
 q - a scarf of resistance (worn)
 V - +2 swamp dragon scales (worn)
Jewellery
 i - an amulet of the acrobat (around neck)
 u - a +4 ring of protection (left claw)
 H - a ring of positive energy
 U - a +6 ring of strength (right claw)
 Z - a +4 ring of protection
Wands
 c - a wand of charming (16)
 p - a wand of digging (5)
 D - a wand of polymorph (7)
 E - a wand of iceblast (59)
 I - a wand of acid (40)
 J - a wand of flame (85)
 O - a wand of mindburst (55)
Scrolls
 e - 7 scrolls of teleportation
 f - a scroll of fear
 j - 5 scrolls of vulnerability
 k - 5 scrolls of enchant weapon
 n - a scroll of holy word
 t - 2 scrolls of silence
 w - a scroll of brand weapon
 x - 6 scrolls of magic mapping
 z - a scroll of identify
 A - a scroll of summoning
 K - 5 scrolls of fog
 L - 3 scrolls of immolation
 N - a scroll of torment {unknown}
 T - a scroll of enchant armour
 Y - a scroll of amnesia {unknown}
Potions
 a - 12 potions of ambrosia
 b - 4 potions of magic
 g - 3 potions of resistance
 h - 9 potions of haste
 o - 2 potions of brilliance {unknown}
 r - 3 potions of flight
 s - 9 potions of curing
 v - 5 potions of heal wounds
 B - a potion of mutation {unknown}
 G - 4 potions of berserk rage
 M - a potion of invisibility {unknown}
 Q - 2 potions of attraction {unknown}
 R - 2 potions of lignification {unknown}
 S - 2 potions of degeneration {unknown}
 W - 2 potions of might
Miscellaneous
 F - a condenser vane


   Skills:
 - Level 15.6 Fighting
 * Level 9.0 Maces & Flails
 - Level 7.0 Armour
 - Level 11.7 Dodging
 + Level 15.8 Unarmed Combat


You had 15 spell levels left.
You didn't know any spells.
Your spell library was empty.

Dungeon Overview and Level Annotations

Branches:
Dungeon (15/15)            Temple (0/1) D:4            Lair (6/6) D:8
 Shoals (0/4) Lair:4        Snake (1/4) Lair:2        Slime (0/5) Lair:6
    Orc (2/2) D:10            Elf (0/3) Orc:2        Vaults (0/5) D:14
 Depths (1/5) D:15        Volcano (visited)         Gauntlet (visited)

Altars:
Ashenzari
Dithmenos
Fedhas
Hepliaklqana
Kikubaaqudgha
Uskayaw
Vehumet
Beogh
Jiyva

Shops:
Orc:2 *?([

Portals:
Hell: Depths:1
Ziggurat: Depths:1


Innate Abilities, Weirdness & Mutations

You are too large for most types of armour.
You have claws for hands.
Your natural rate of healing is unusually fast.
You are covered in fur. (AC +1)
You have tough skin. (AC +1)


Message History

You feel very sick.
Items here: ) [[ †.
You closely miss the naga warrior.
You feel very sick.
The naga warrior hits you with a +0 broad axe!
The naga warrior grabs you. The naga warrior constricts you.
The naga spits poison at you.
The splash of poison hits you but does no damage.
You resist.
You claw the naga warrior!
The naga warrior is lightly wounded.
You feel very sick.
The naga warrior roars a battlecry!
The naga goes into a battle-frenzy!
The naga warrior constricts you. The naga spits poison at you.
The splash of poison hits you but does no damage.
You are more poisoned.
You resist.
You eviscerate the naga warrior!!!
The naga warrior is heavily wounded.
You feel very sick.
The naga warrior hits you but does no damage.
The naga warrior constricts you. The naga hits you with a +0 war axe!!
* * * LOW HITPOINT WARNING * * *
You eviscerate the naga warrior!!! You claw the naga warrior.
The naga warrior is almost dead.
You feel very sick.
The naga warrior drinks a potion.
The naga warrior seems to grow stronger.
* * * LOW HITPOINT WARNING * * *
The naga warrior constricts you. The naga hits you with a +0 war axe!
* * * LOW HITPOINT WARNING * * *
As you read the scroll of fear, it crumbles to dust.
You assume a fearsome visage.
The naga warrior resists with almost no effort.
The naga looks frightened!
You feel sick.
The naga warrior hits you with a +0 broad axe!!
You die...

#####.)..######
##........##
#..###.##..#
#........#
#........#
..##........#
........###.#
#####.#N.##...
. #.##@># ##.
.[ #.#.N.# ###
.# .......#
..#..##
#........
.......
#........#
..#.##
........##
#...#
##......##
..)## .......#
.......


You could see a naga warrior (strong) and a naga (strong, fleeing, catching
breath).

Vanquished Creatures
  2 tengu reavers (Depths:1)
  A fire giant (Depths:1)
  A frost giant (Depths:1)
  An orc warlord (Orc:2)
  2 stone giants (Depths:1)
  A juggernaut skeleton (Depths:1)
  5 very ugly things (Depths:1)
  Nessos (D:14)
  A minotaur (Gauntlet)
  Snorg (Lair:3)
  An ettin (Depths:1)
  2 great orbs of eyes (Depths:1)
  2 fire dragons
  3 hydras
  3 ice dragons
  A juggernaut simulacrum (Depths:1)
  4 boulder beetles
  7 centaur warriors
  2 ogre magi
  An anaconda (Snake:1)
  Erica (D:10)
  A catoblepas (Lair:6)
  A death knight (D:13)
  10 two-headed ogres
  2 tengu warriors
  2 deep troll shamans
  A vampire mage (Depths:1)
  19 death yaks
  2 deep troll earth magi (Depths:1)
  The ghost of Bnni the Frost Mage, a novice OpIE of Gozag (D:8)
  4 orc high priests
  Sonja (Orc:1)
  3 iron trolls (Depths:1)
  3 skeletal warriors (D:13)
  A swamp dragon (Lair:3)
  A wizard (D:15)
  10 deep trolls (Depths:1)
  A naga ritualist (Snake:1)
  3 orc knights
  2 necromancers
  An oklob plant (Lair:1)
  A lindwurm (Lair:6)
  A deep elf pyromancer (D:14)
  7 slime creatures
  4 orc sorcerers (Orc:2)
  3 salamanders
  5 cyclopes
  4 manticores
  12 ugly things
  A wolf spider (D:13)
  A mana viper (Snake:1)
  9 elephants
  3 naga magi (Snake:1)
  17 black mambas
  3 torpor snails
  7 cane toads
  2 efreet
  8 komodo dragons
  A golden dragon simulacrum (Depths:1)
  2 tengu conjurers
  3 trolls
  4 polar bears
  9 meliai
  8 blink frogs
  2 raiju (Gauntlet)
  6 dream sheep (Lair:6)
  A shadow (D:12)
  A centaur simulacrum (D:15)
  2 water elementals (D:14)
  39 yaks
  5 wyverns
  2 fire bats (Volcano)
  A vampire (D:10)
  2 wraiths (D:12)
  A basilisk (Lair:5)
  A fire elemental (Lair:2)
  8 vampire mosquitoes
  A steam dragon (Gauntlet)
  Menkaure (D:5)
  6 wargs
  Edmund (D:4)
  2 hell hounds (Volcano)
  An acid dragon (D:11)
  7 nagas
  A swamp drake (Lair:3)
  14 water moccasins
  A fire dragon simulacrum (Depths:1)
  36 orc warriors
  3 black bears
  A necrophage (D:7)
  An ice beast (D:7)
  3 boggarts (D:15)
  8 centaurs
  12 wolves (Lair:6)
  8 ogres
  2 phantoms
  3 kobold brigands
  Blork the orc (D:5)
  12 bullfrogs
  4 scorpions
  A water moccasin zombie (D:6)
  2 water moccasin skeletons (D:4)
  28 killer bees
  3 vampire bats (D:14)
  A howler monkey (D:8)
  A bullfrog zombie (D:5)
  A centaur zombie (D:10)
  A lava snake (Lair:2)
  A hound (D:6)
  4 jellies
  A centaur skeleton (D:7)
  32 orc priests
  2 bullfrog skeletons
  2 iguanas
  Ijyb (D:5)
  A lightning spire (Gauntlet)
  23 orc wizards
  A hound skeleton (D:4)
  4 howler monkey zombies
  4 adders
  5 gnolls
  2 shadow imps
  A white imp (D:6)
  An adder skeleton (D:4)
  5 worms
  A dart slug (D:4)
  85 orcs
  4 bat skeletons (D:14)
  2 bat zombies (D:14)
  11 endoplasms
  5 giant cockroaches
  9 goblins
  7 hobgoblins
  4 jackals (D:2)
  2 quokkas
  8 ball pythons
  7 bats
  3 frilled lizards
  20 kobolds
  5 rats
728 creatures vanquished.

Vanquished Creatures (collateral kills)
  Sojobo (Depths:1)
  Erolcha (D:9)
  5 hydras
  2 death yaks
  A swamp dragon (Lair:3)
  A deep elf pyromancer (D:10)
  5 ugly things (Depths:1)
  A black mamba (Lair:6)
  A meliai (D:13)
  A queen bee (D:13)
  A basilisk (Lair:2)
  A water moccasin (Lair:2)
  3 orc warriors
  4 killer bees (D:13)
  An orc priest (D:9)
  3 orcs
32 creatures vanquished.

Vanquished Creatures (others)
  A centaur simulacrum (D:11)
  14 fungi
  19 plants
34 creatures vanquished.

Grand Total: 794 creatures vanquished

Notes
Turn   | Place    | Note
-------+----------+-------------------------------------------
     0 | D:1      | Nattfarinn the Troll Berserker began the quest for the Orb.
     0 | D:1      | Reached XP level 1. HP: 22/22 MP: 0/0
    42 | D:1      | Found a faded altar of an unknown god.
    77 | D:1      | Reached XP level 2. HP: 29/29 MP: 1/1
   292 | D:1      | Reached ** piety under Trog
   296 | D:1      | Reached XP level 3. HP: 30/37 MP: 2/2
   783 | D:2      | Reached XP level 4. HP: 20/45 MP: 3/3
  1594 | D:3      | Found a blossoming altar of Fedhas.
  1598 | D:3      | Found an ancient bone altar of Kikubaaqudgha.
  2082 | D:4      | Reached *** piety under Trog
  2083 | D:4      | Reached XP level 5. HP: 54/54 MP: 4/4
  2127 | D:4      | Reached XP level 6. HP: 30/62 MP: 5/5
  2264 | D:4      | Found a staircase to the Ecumenical Temple.
  2504 | D:4      | Reached skill level 5 in Fighting
  2504 | D:4      | Reached XP level 7. HP: 72/72 MP: 6/6
  2790 | D:4      | Found a hazy altar of Hepliaklqana.
  2791 | D:4      | Noticed Edmund
  2798 | D:4      | Killed Edmund
  2799 | D:4      | Reached skill level 5 in Unarmed Combat
  2799 | D:4      | Found a faded altar of an unknown god.
  3028 | D:5      | Entered Level 5 of the Dungeon
  3028 | D:5      | Noticed Ijyb
  3035 | D:5      | Killed Ijyb
  3271 | D:5      | Reached XP level 8. HP: 72/83 MP: 7/7
  3359 | D:5      | Noticed Blork the orc
  3365 | D:5      | Killed Blork the orc
  3387 | D:5      | Noticed Menkaure
  3398 | D:5      | Killed Menkaure
  3821 | D:6      | Found a hide-covered altar of Uskayaw.
  3823 | D:6      | Noticed a +0 hand axe
  3823 | D:6      | Noticed a +0 dagger
  3873 | D:6      | Reached skill level 5 in Dodging
  3936 | D:6      | Reached **** piety under Trog
  4615 | D:7      | Reached XP level 9. HP: 93/93 MP: 8/8
  5478 | D:8      | Noticed a komodo dragon
  5490 | D:8      | Killed a komodo dragon
  5842 | D:8      | Reached ***** piety under Trog
  5890 | D:8      | Found a staircase to the Lair.
  6134 | D:8      | Noticed a fire dragon
  6145 | D:8      | Killed a fire dragon
  6146 | D:8      | Reached XP level 10. HP: 107/107 MP: 9/9
  6225 | D:8      | Found a runed translucent gate.
  6226 | D:8      | Found a runed translucent gate.
  6226 | D:8      | Found a runed translucent gate.
  6228 | D:8      | Noticed Bnni's ghost (novice OpIE)
  6229 | D:8      | Found a viscous altar of Jiyva.
  6261 | D:8      | Killed Bnni's ghost
  6373 | D:8      | Noticed a boulder beetle
  6389 | D:8      | Killed a boulder beetle
  6768 | D:8      | Found a broken altar of Ashenzari.
  6978 | D:9      | Noticed Erolcha
  6978 | D:9      | Noticed a two-headed ogre
  6985 | D:8      | Killed a two-headed ogre
  6986 | D:8      | Reached skill level 10 in Fighting
  7080 | D:9      | Killed Erolcha
  7211 | D:9      | Found a radiant altar of Vehumet.
  7670 | D:9      | Reached XP level 11. HP: 100/119 MP: 10/10
  7801 | D:10     | Entered Level 10 of the Dungeon
  7801 | D:10     | Noticed Erica
  7812 | D:10     | Killed Erica
  7862 | D:10     | Found a staircase to the Orcish Mines.
  8100 | D:10     | Noticed an orc knight
  8100 | D:10     | Noticed a deep elf pyromancer
  8100 | D:10     | Noticed a centaur warrior
  8111 | D:10     | Killed an orc knight
  8117 | D:10     | Killed a centaur warrior
  8128 | D:10     | Killed a deep elf pyromancer
  8244 | D:10     | Found a shadowy altar of Dithmenos.
  8307 | D:10     | Noticed a two-headed ogre
  8314 | D:10     | Killed a two-headed ogre
  8607 | Lair:1   | Entered Level 1 of the Lair of Beasts
  8726 | Lair:1   | Reached skill level 10 in Unarmed Combat
  9233 | Lair:1   | Identified the -8 kite shield of the Harvest {rN++ Will+
                  | Dex-3}
  9466 | Lair:1   | Reached XP level 12. HP: 132/132 MP: 11/11
  9959 | Lair:2   | Noticed a four-headed hydra
  9971 | Lair:2   | Killed a four-headed hydra
 10108 | Lair:2   | You fall into a shaft and drop 2 floors!
 10240 | Lair:3   | Noticed a death yak
 10241 | Lair:3   | Noticed a death yak
 10243 | Lair:3   | Noticed a death yak
 10392 | Lair:3   | Killed a death yak
 10400 | Lair:3   | Killed a death yak
 10421 | Lair:3   | Killed a death yak
 10933 | Lair:3   | Noticed Snorg
 10945 | Lair:3   | Killed Snorg
 11308 | Lair:3   | Identified a scroll of acquirement
 11309 | Lair:3   | Acquired 508 gold pieces
 11441 | Lair:4   | Found a staircase to the Shoals.
 12062 | Lair:5   | Reached XP level 13. HP: 58/144 MP: 12/12
 12127 | Lair:5   | Found a broken altar of Ashenzari.
 12213 | Lair:5   | Reached skill level 10 in Dodging
 12936 | Lair:6   | Entered Level 6 of the Lair of Beasts
 12977 | Lair:6   | Identified the +9 scimitar "Fuemoil" {antimagic, Fly} (Trog
                  | gifted it to you on level 6 of the Lair of Beasts)
 12977 | Lair:6   | Received a gift from Trog
 13014 | Lair:6   | Found a staircase to the Slime Pits.
 13014 | Lair:6   | Found a viscous altar of Jiyva.
 14266 | Lair:2   | Reached XP level 14. HP: 157/157 MP: 13/13
 14370 | Lair:2   | Found a staircase to the Snake Pit.
 14499 | Lair:2   | Identified the +1 leather armour of the Game of Life {rElec
                  | rPois rCorr}
 15119 | Orc:1    | Entered Level 1 of the Orcish Mines
 15445 | Orc:2    | Entered Level 2 of the Orcish Mines
 15445 | Orc:2    | Found a staircase to the Elven Halls.
 15462 | Orc:2    | Found a dark tunnel.
 15469 | Volcano  | Entered a volcano
 15826 | Orc:2    | Found a radiant altar of Vehumet.
 16195 | Orc:2    | Found Zuwimm's Magic Scroll Shoppe.
 16337 | Orc:2    | Bought a scroll of identify for 20 gold pieces
 16337 | Orc:2    | Bought a scroll of identify for 20 gold pieces
 16860 | Orc:2    | Noticed an orc warlord
 16929 | Orc:2    | Killed an orc warlord
 16930 | Orc:2    | Reached skill level 15 in Fighting
 17013 | Orc:2    | Found Luobrem's Antique Weapon Shoppe.
 17015 | Orc:2    | Found Ytoufeher's Antique Armour Emporium.
 17072 | Orc:2    | Received a gift from Trog
 17365 | Orc:2    | Found Palir's Assorted Antiques.
 17397 | Orc:2    | Bought a scroll of identify for 54 gold pieces
 17440 | Orc:1    | Noticed Sonja
 17441 | Orc:1    | Killed Sonja
 17683 | D:11     | Found a gate leading to a gauntlet.
 17701 | Gauntlet | Entered a Gauntlet
 17701 | Gauntlet | Found a transporter.
 17701 | Gauntlet | Found a transporter.
 17719 | Gauntlet | Found a transporter.
 17737 | Gauntlet | Found a transporter.
 17737 | Gauntlet | Found a transporter.
 17737 | Gauntlet | Found a transporter.
 17739 | Gauntlet | Found a transporter.
 17739 | Gauntlet | Found a transporter.
 17752 | Gauntlet | Found a transporter.
 17769 | Gauntlet | Found a transporter.
 17779 | Gauntlet | Found a transporter.
 17785 | Gauntlet | Found a transporter.
 17820 | Gauntlet | Found a transporter.
 17834 | Gauntlet | Found a transporter.
 18064 | Gauntlet | Identified the +9 hand axe "Opoom" {antimagic, rElec Will+
                  | Str+2} (Trog gifted it to you in a Gauntlet)
 18064 | Gauntlet | Received a gift from Trog
 18211 | Gauntlet | Identified the amulet of Ascheud {Faith +Inv Int-4 Dex+5}
 18675 | D:11     | You fall into a shaft and drop 1 floor!
 19102 | D:12     | Reached XP level 15. HP: 72/167 MP: 14/14
 19977 | D:13     | Reached skill level 1 in Armour
 21331 | D:11     | Paralysed by an ogre mage for 4 turns
 21644 | D:14     | Reached skill level 5 in Armour
 21684 | D:14     | Noticed Nessos
 21702 | D:14     | Killed Nessos
 21861 | D:14     | Found an ancient bone altar of Kikubaaqudgha.
 22013 | D:14     | Received a gift from Trog
 22343 | D:14     | Found a gate to the Vaults.
 22682 | D:15     | Entered Level 15 of the Dungeon
 22698 | D:15     | Identified the +7 whip "Ototejop" {venom, Will+ Int+3}
 23198 | D:15     | Found a staircase to the Depths.
 23615 | D:15     | Acquired 923 gold pieces
 23680 | Depths:1 | Entered Level 1 of the Depths
 23693 | Depths:1 | Reached skill level 1 in Maces & Flails
 23742 | Depths:1 | Identified the +5 falchion of Diyq {freeze, rF- rCorr Str+4
                  | SInv}
 23917 | Depths:1 | Reached XP level 16. HP: 135/176 MP: 15/15
 24168 | Depths:1 | Found a gateway to Hell.
 24168 | Depths:1 | Found a gateway to a ziggurat.
 24212 | Depths:1 | Reached skill level 15 in Unarmed Combat
 24304 | Depths:1 | Reached skill level 5 in Maces & Flails
 24488 | Depths:1 | Found a broken altar of Ashenzari.
 24974 | Depths:1 | Paralysed by a great orb of eyes for 6 turns
 25062 | Depths:1 | Noticed a tengu reaver
 25065 | Depths:1 | Noticed a tengu reaver
 25067 | Depths:1 | Noticed Sojobo
 25073 | Depths:1 | Killed a tengu reaver
 25083 | Depths:1 | Paralysed by an air elemental for 1 turns
 25306 | Depths:1 | HP: 6/176 [tengu reaver/bolt of acid[Sojobo] (17)]
 25306 | Depths:1 | HP: 2/176 [acid[Sojobo] (4)]
 25314 | Depths:1 | Killed Sojobo
 25449 | Depths:1 | Killed a tengu reaver
 25927 | Snake:1  | Entered Level 1 of the Snake Pit
 26063 | Snake:1  | Found Eryc's Armour Shop.
 26128 | Snake:1  | Found Rutt's Magic Scroll Shoppe.
 26166 | Snake:1  | Bought a scroll of holy word for 112 gold pieces
 26166 | Snake:1  | Bought a scroll of teleportation for 45 gold pieces
 26166 | Snake:1  | Bought a scroll of magic mapping for 52 gold pieces
 26166 | Snake:1  | Bought a scroll of identify for 30 gold pieces
 26166 | Snake:1  | Bought a scroll of fog for 30 gold pieces
 26166 | Snake:1  | Bought a scroll of magic mapping for 52 gold pieces
 26166 | Snake:1  | Bought a scroll of summoning for 142 gold pieces
 26166 | Snake:1  | Bought a scroll of enchant armour for 112 gold pieces
 26166 | Snake:1  | Bought a scroll of immolation for 52 gold pieces
 26166 | Snake:1  | Bought a scroll of enchant weapon for 112 gold pieces
 26217 | Snake:1  | Mangled by a naga warrior

Illustrated notes

Levels and vault maps discovered:
D:1:      amcnicky_arrival_flooded_fountain, layout_loops_ring,
          chequers_ecumenical_altar_island, minmay_heptomino_w4
D:2:      layout_basic
D:3:      layout_basic, grunt_temple_overflow_growth_and_decay, kennysheep_boxes
D:4:      layout_loops_ring, beargit_hepliaklqana_dungeon_heroes,
          minmay_temple_entry_water_ring, kennysheep_orc_chapel
D:5:      layout_cave_pools, minmay_misc_feat_square, uniq_menkaure, uniq_ijyb,
          uniq_blork_the_orc
D:6:      layout_loops_ring, dancing_weapons_uskayaw
D:7:      layout_basic
D:8:      layout_layer_cave, lemuel_round_altar, minmay_lair_entry_lava,
          gammafunk_ghost_ooze, minmay_increasing_density
D:9:      layout_layer_cave, vehumet_altar_wand_db, uniq_erolcha
D:10:     minmay_curly_fans, layout_rooms,
          nicolae_dithmenos_through_a_glass_darkly, uniq_erica
D:11:     layout_loops_cross, gauntlet_entry_generic, minivault_12
D:12:     layout_gridville
D:13:     layout_roguey [special_room_bee], lightli_corner_chamber
D:14:     layout_basic, david_vaults_1, kennysheep_vampire_church, uniq_nessos
D:15:     grunt_enter_depths_hoard, layout_loops_ring, minmay_misc_feat_alley,
          fountainhead, evilmike_butchery
Lair:1:   dpeg_oklob_gauntlet, layout_regular_city
Lair:2:   layout_gridlike, minmay_snake_entry_guardpost_medium,
          beast_lair_carwin_3
Lair:3:   layout_gridlike, special_room, pond, uniq_snorg
Lair:4:   layout_gridlike, elwin_shoals_entry_rocks, minivault_25
Lair:5:   layout_roguey, basic_altar, st_stairs_13
Lair:6:   grunt_lair_end_beastmaster, layout_cave_pods, slime_altar_1
Snake:1:  layout_rooms, ebering_ghost_reflecting_pool, serial_shops, shop, shop,
          shop, nicolae_shop_stone, shop_fountains, uniq_aizul
Orc:1:    layout_caves, basic_altar, uniq_sonja
Orc:2:    grunt_orc_community_town_hall, layout_caves,
          grunt_orc_community_big_house_2, grunt_orc_community_big_house_2,
          grunt_orc_community_house_2, grunt_orc_community_house_2,
          grunt_orc_community_house_1, grunt_orc_community_house_2,
          grunt_orc_community_house_2, basic_altar, enter_volcano_1,
          minmay_orc_temple_a
Depths:1: layout_cave_shapes, enter_ziggurat_e, hell_entry, grunt_decor_cap,
          minmay_misc_feat_rugged, grunt_ministairs_12, columned_hall_lemuel,
          eino_curves_04, evilmike_ruin_ashenzari, uniq_sojobo

Skill      XL: |  1  2  3  4  5  6  7  8  9 10 11 12 13 14 15 16 |
---------------+-------------------------------------------------+-----
Fighting       | 3 4 5 6 7 9 10 11 13 14 15 | 15.6
Dodging        | 3 4 5 6 7 8 9 10 11 | 11.7
Unarmed Combat | 4 5 6 7 9 10 11 12 13 14 15 | 15.8
Armour         | 7 |  7.0
Maces & Flails | 3 9 |  9.0

Action                   |  1- 3 |  4- 6 |  7- 9 | 10-12 | 13-15 | 16-18 || total
-------------------------+-------+-------+-------+-------+-------+-------++-------
Melee: Unarmed           |   103 |   140 |   264 |   424 |  1082 |   258 ||  2271
       Punch             |     2 |     2 |     8 |    23 |   105 |    36 ||   176
Throw: Large rock        |       |       |       |     5 |    16 |     1 ||    22
Invok: Berserk           |       |     4 |    17 |    21 |    26 |    12 ||    80
       Trog's Hand       |       |       |     3 |    10 |     3 |     3 ||    19
       Brothers in Arms  |       |       |       |     5 |    11 |     2 ||    18
Evoke: Wand              |       |       |       |       |     3 |       ||     3
       Condenser vane    |       |       |       |       |     1 |       ||     1
  Use: Scroll            |       |       |       |    16 |    12 |     8 ||    36
       Potion            |       |       |       |     1 |       |     2 ||     3
 Stab: Sleeping          |       |     2 |       |       |       |       ||     2
       Distracted        |       |       |       |       |     1 |       ||     1
Armor: Animal skin       |    40 |    39 |    50 |    78 |       |       ||   207
       Swamp dragon scal |       |       |       |    59 |   420 |   107 ||   586
Dodge: Dodged            |    60 |    55 |   146 |   289 |   657 |   157 ||  1364

Table legend: (Time is in decaauts)
 A = Elapsed time spent in this place.
 B = Non-inter-level travel time spent in this place.
 C = Inter-level travel time spent in this place.
 D = Time resting spent in this place.
 E = Time spent auto-exploring this place.
 F = Levels seen in this place.
 G = Mean time per level.
                   A        B        C        D        E       F      G
               +--------+--------+--------+--------+--------+-----+--------+
         Total |  26488 |  24512 |   1976 |   3893 |  16049 |  27 |  981.0 |
       Dungeon |  14497 |  13318 |   1179 |   1461 |   9856 |  15 |  966.5 |
          Lair |   6491 |   6100 |    391 |    900 |   4205 |   6 | 1081.8 |
     Snake Pit |    265 |    265 |      0 |     81 |     88 |   1 |  265.0 |
  Orcish Mines |   2182 |   2069 |    113 |    550 |   1010 |   2 | 1091.0 |
        Depths |   2072 |   1780 |    292 |    710 |    596 |   1 | 2072.0 |
       Volcano |    341 |    341 |      0 |     91 |     75 |   1 |  341.0 |
      Gauntlet |    637 |    637 |      0 |     98 |    217 |   1 |  637.0 |
               +--------+--------+--------+--------+--------+-----+--------+

Top non-repeatable levels by time:
Depths:1: 2072 daAuts
     D:8: 1966 daAuts
   Orc:2: 1674 daAuts
    D:13: 1272 daAuts
  Lair:3: 1270 daAuts
  Lair:6: 1239 daAuts
  Lair:1: 1209 daAuts
    D:14: 1148 daAuts
  Lair:2: 1133 daAuts
    D:12: 1034 daAuts
    D:11: 1026 daAuts
    D:15: 1026 daAuts
     D:4: 972 daAuts
  Lair:5: 948 daAuts
     D:3: 888 daAuts
